 Dungeon Crawl Stone Soup version 0.25.0-33-gff14898491 (webtiles) character file.

Game seed: 11618218878423747125

(classic levelgen) 21 EnegeticOcto the Chopper (level 2, -12/27 HPs)
             Began as a Deep Dwarf Fighter on July 7, 2020.
             Killed from afar by a ball python (30 damage)
             ... with an exploding inner flame
             ... hexed by the player character
             ... on level 4 of the Dungeon.
             The game lasted 00:02:14 (359 turns).

EnegeticOcto the Chopper (Deep Dwarf Fighter)        Turns: 359, Time: 00:02:15

Health: -12/27     AC:  6    Str: 19    XL:     2   Next: 62%
Magic:  2/2        EV:  7    Int:  8    God:
Gold:   22         SH:  9    Dex: 12    Spells: 1/1 levels left

rFire    . . .     SeeInvis .   a - +0 war axe
rCold    . . .     Gourm    .   c - +0 kite shield
rNeg     . . .     Faith    .   b - +0 scale mail
rPois    .         Spirit   .   (no helmet)
rElec    .         Reflect  .   (no cloak)
rCorr    .         Harm     .   (no gloves)
MR       .....                  (no boots)
Stlth    ..........             (no amulet)
HPRegen  0.00/turn              (no ring)
MPRegen  0.08/turn              (no ring)

@: non-regenerating
A: damage resistance, heal wounds, sense surroundings 1, no regeneration
a: Heal Wounds


You were on level 4 of the Dungeon.
You were not hungry.

You visited 1 branch of the dungeon, and saw 4 of its levels.

You collected 22 gold pieces.

Inventory:

Hand Weapons
 a - a +0 war axe (weapon)
Armour
 b - a +0 scale mail (worn)
 c - a +0 kite shield (worn)
Jewellery
 i - an uncursed ring of teleportation
Potions
 d - a potion of might {@q3 !q}
 h - a potion of heal wounds {@q2 !q}
 j - a potion of haste {unknown}
Comestibles
 e - a ration


   Skills:
 - Level 2.6 Fighting
 + Level 3.6 Axes
 - Level 3.2 Armour
 - Level 3.2 Shields


You had one spell level left.
You didn't know any spells.
Your spell library was empty.

Dungeon Overview and Level Annotations

Branches:
Dungeon (4/15)
 Temple: D:4-7

Altars:


Innate Abilities, Weirdness & Mutations

You are resistant to damage.
You can heal yourself by infusing magical energy.
You passively map a small area around you.
You do not regenerate.


Message History

The ball python hisses angrily.
You block the hobgoblin's attack.
The ball python moves out of view.
Found 29 bolts.
You slash the hobgoblin!
You kill the hobgoblin!
Your shield and scale mail prevent you from hitting the hobgoblin.
The hobgoblin barely misses you. x2
You slash the hobgoblin!
You kill the hobgoblin!
The ball python bites you. You block the ball python's attack.
Things that are here:
a +0 club; a hobgoblin corpse You slash the ball python!
You kill the ball python!
No target in view!
A bat comes into view.
Found a viscous brown potion, a bronze ring and a white potion.
The bat closely misses you. The bat hits you but does no damage.
You see here 29 bolts.
You block the bat's attack.
Your shield and scale mail prevent you from hitting the bat.
The bat barely misses you. The bat hits you but does no damage.
The bat hits you but does no damage. You block the bat's attack.
The bat hits you.
You closely miss the bat. You block the bat's attack.
You block the bat's attack.
Found a scroll labeled DAIS NOYTOAR.
You see here a viscous brown potion.
h - a viscous brown potion The bat hits you but does no damage.
The bat closely misses you. The bat barely misses you.
You see here a bronze ring.
i - a bronze ring The bat hits you but does no damage.
You feel slightly jumpy.
Oops, that ring feels deathly cold.
i - a cursed ring of teleportation (left hand)
You block the bat's attack. The bat hits you but does no damage.
You block the bat's attack.
You see here a white potion.
j - a white potion The bat hits you but does no damage.
The bat barely misses you.
You hear the slow rusting of a distant drain.
The bat hits you. The bat barely misses you.
You see here a scroll labeled DAIS NOYTOAR.
k - a scroll labeled DAIS NOYTOAR You block the bat's attack.
The bat hits you but does no damage. You block the bat's attack.
The bat completely misses you. The bat hits you but does no damage.
The bat hits you but does no damage. The bat hits you but does no damage.
You block the bat's attack.
You see here 29 bolts.
The bat hits you but does no damage. The bat hits you but does no damage.
The bat hits you but does no damage. The bat hits you but does no damage.
The bat closely misses you. You block the bat's attack.
Things that are here:
a +0 club; a hobgoblin corpse The bat barely misses you.
You block the bat's attack. The bat barely misses you.
The bat hits you but does no damage.
There is a stone staircase leading down here.
The bat hits you but does no damage.
You climb downwards.
A ball python comes into view.
The ball python hisses angrily.
Found 14 stones.
There is a stone staircase leading up here.
As you read the scroll labeled EMAHIAT VOUH, it crumbles to dust.
It is a scroll of identify.
h - a potion of heal wounds
As you read the scroll labeled QIDAOJ FUVVUED, it crumbles to dust.
The creatures around you are filled with an inner flame!
It was a scroll of immolation.
As you read the scroll labeled DAIS NOYTOAR, it crumbles to dust.
You feel as if something is helping you.
It was a scroll of remove curse.
You block the ball python's attack. x2
Drop what? 8/52 slots (_ for help) (? for menu, Esc to quit)
Okay, then.
You remove your ring of teleportation.
The ball python barely misses you. x2 2 orcs come into view.
The orc shouts! x2; You hear a shout! x2
The ball python bites you but does no damage.
The ball python grabs you. The ball python constricts you.
The ball python's grasp on you weakens, but your attempt to escape fails.
You block the ball python's attack. The ball python constricts you.
You hit the orc but do no damage. You slash the ball python!
The ball python explodes!
The fiery explosion engulfs you!!
Ouch! That really hurt!
You die...

*, * * *, (, , *
,... *
##########.....
,
#.o@.ยง.<.......
, ,*
#.########.....
.o * ..# * , ##
*, . , , , , , *
* * *,* * , * ,
* * ,


You could see 2 orcs.

Vanquished Creatures
  A ball python (D:3)
  2 goblins (D:2)
  6 hobgoblins
  A quokka (D:2)
  2 bats
  2 frilled lizards (D:2)
  2 kobolds (D:1)
  4 rats
20 creatures vanquished.

Notes
Turn   | Place    | Note
-------+----------+-------------------------------------------
     0 | D:1      | EnegeticOcto the Deep Dwarf Fighter began the quest for the
                  | Orb.
     0 | D:1      | Reached XP level 1. HP: 20/20 MP: 1/1
   151 | D:2      | Reached skill level 3 in Axes
   151 | D:2      | Reached XP level 2. HP: 20/27 MP: 2/2
   359 | D:4      | Killed from afar by a ball python

Illustrated notes

Levels and vault maps discovered:
D:1:      eino_arrival_cavern_b, layout_loops_ring,
          wander_ebering_terrifying_dragon_lair
D:2:      layout_loops_ring, kennysheep_generic_room_16
D:3:      layout_basic, gup_sewer_entry_pipe
D:4:      layout_loops_cross, first_ration

Skill      XL: |  1 |
---------------+----+-----
Axes           | 3 |  3.6
Fighting       | |  2.6
Armour         | |  3.2
Shields        | |  3.2

Action                   || total
-------------------------++-------
Melee: War axe           ||    45
  Use: Scroll            ||     3
Armor: Scale mail        ||    44
Dodge: Dodged            ||    37
Block: Kite shield       ||    45
